 Dungeon Crawl Stone Soup version 0.27-a0-1191-g601b473118 (webtiles) character file.

Game seed: 9025609626626280683

625168 mandarbmax the Hawkeye (level 27, -1/295 HPs)
             Began as a Troll Monk on May 23, 2021.
             Was the Champion of Okawaru.
             Killed from afar by an orb of fire (10 damage)
             ... with a bolt of fire
             ... on level 5 of the Realm of Zot.
             The game lasted 03:30:51 (55981 turns).

mandarbmax the Hawkeye (Troll Monk)                Turns: 55981, Time: 03:30:51

Health: -1/295     AC: 41    Str: 40      XL:     27
Magic:  0/24       EV:  9    Int:  4      God:    Okawaru [******]
Gold:   1635       SH: 28    Dex: 14 (16) Spells: 26/26 levels left

rFire    + + +     SeeInvis +     - Unarmed
rCold    + + .     Faith    +   Y - +4 tower shield {AC+3}
rNeg     . . .     Spirit   .   k - +9 scales of the Dragon King {rPois rF+ rC+ Will+}
rPois    +         Reflect  .   R - +2 hat {Will+}
rElec    +         Harm     .   v - +2 cloak "Enwe" {rElec rPois Str+4}
rCorr    +         Rampage  .   (gloves unavailable)
Will     ++++.     Rnd*Tele +   (boots unavailable)
Stlth    ..........             X - amulet of faith
HPRegen  1.59/turn              n - ring "Qoifegat" {Fly Dex+4 Slay+4}
MPRegen  0.19/turn              t - ring of the Gloaming {rF++ rC+ rCorr SInv}

@: about to teleport, unable to read, flying, hasted and slowed
A: large, unfitting armour, claws 3, regeneration 1, shaggy fur 1, tough skin 1,
deterioration 1, dopey 1, low mp 2, screaming 1, teleportitis 1, inability to
read while threatened
}: 3/15 runes: decaying, silver, gossamer
a: Renounce Religion, Heroism, Finesse


You were on level 5 of the Realm of Zot.
You worshipped Okawaru.
Okawaru was exalted by your worship.
You visited 9 branches of the dungeon, and saw 47 of its levels.
You visited the Abyss 1 time.
You visited 1 bazaar.
You also visited: Bailey, Wizlab and Desolation.

You collected 6612 gold pieces.
You spent 4977 gold pieces at shops.

Inventory:

Hand Weapons
 m - a +0 halberd
Missiles
 c - 13 silver javelins
 e - 5 silver boomerangs
 q - 12 javelins
 A - 14 poisoned darts
 B - 36 atropa-tipped darts
 G - 112 large rocks (quivered)
 K - 11 curare-tipped darts
 Q - 5 throwing nets
 U - 17 datura-tipped darts
 Z - 6 boomerangs of dispersal
Armour
 k - the +9 scales of the Dragon King (worn) {rPois rF+ rC+ Will+}
   (You took it off a kobold in a bailey)

   It protects you from fire.
   It protects you from cold.
   It protects you from poison.
   It increases your willpower.
 v - the +2 cloak "Enwe" (worn) {rElec rPois Str+4}
   (You bought it in a shop on level 4 of the Vaults)

   It affects your strength (+4).
   It insulates you from electricity.
   It protects you from poison.
 R - a +2 hat of willpower (worn)
 T - a +2 cloak of willpower
 Y - a +4 tower shield of protection (worn)
Jewellery
 n - the ring "Qoifegat" (left claw) {Fly Dex+4 Slay+4}
   (You found it in the Desolation of Salt)

   [ring of slaying]

   It affects your dexterity (+4).
   It affects your accuracy and damage with ranged weapons and melee attacks
   (+4).
   It grants you flight.
 t - the ring of the Gloaming (right claw) {rF++ rC+ rCorr SInv}
   (You bought it in a shop on level 4 of the Depths)

   [ring of resist corrosion]

   It greatly protects you from fire.
   It protects you from cold.
   It lets you see invisible.
   It protects you from acid and corrosion.
 X - an amulet of faith (around neck)
Wands
 w - a wand of iceblast (35)
 z - a wand of mindburst (72)
 E - a wand of digging (6)
 H - a wand of acid (31)
 I - a wand of charming (15)
 O - a wand of polymorph (25)
 S - a wand of paralysis (38)
Scrolls
 a - 2 scrolls of holy word
 b - 25 scrolls of teleportation
 d - 5 scrolls of blinking
 h - 3 scrolls of silence
 l - 10 scrolls of fear
 p - 4 scrolls of summoning
 u - 4 scrolls of magic mapping
 D - 8 scrolls of fog
Potions
 f - 5 potions of brilliance
 g - 8 potions of mutation
 i - 29 potions of curing
 j - 3 potions of ambrosia
 o - 4 potions of heal wounds
 r - 2 potions of magic
 x - 8 potions of resistance
 C - 5 potions of might
 F - 4 potions of cancellation
 L - 7 potions of invisibility
 W - 8 potions of haste
Miscellaneous
 s - a condenser vane (inert)
 y - a phial of floods
 J - a phantom mirror
 M - a tin of tremorstones (2/2)
 N - a piece from Xom's chessboard (15/15)
 P - a box of beasts
 V - a lightning rod (4/4)


   Skills:
 + Level 20.9 Fighting
 - Level 21.0 Throwing
 - Level 17.0 Armour
 - Level 9.0 Dodging
 - Level 1.0 Stealth
 - Level 15.0 Shields
 - Level 21.0 Unarmed Combat
 - Level 12.0 Invocations
 - Level 9.1 Evocations


You had 26 spell levels left.
You didn't know any spells.
Your spell library contained the following spells:

 Spells                   Type           Power      Damage    Failure   Level
 Animate Skeleton         Necr           0%         N/A       99%         1
 Beastly Appendage        Tmut           0%         N/A       99%         1
 Corona                   Hex            0%         N/A       99%         1
 Foxfire                  Conj/Fire      0%         2x1d4     99%         1
 Freeze                   Ice            0%         1d3       99%         1
 Magic Dart               Conj           0%         1d3       99%         1
 Pain                     Necr           0%         1d4       99%         1
 Sandblast                Erth           0%         2d4       99%         1
 Shock                    Conj/Air       0%         1d3       99%         1
 Summon Small Mammal      Summ           0%         N/A       99%         1
 Blink                    Tloc           N/A        N/A       99%         2
 Call Imp                 Summ           0%         N/A       99%         2
 Corpse Rot               Necr/Air       N/A        N/A       99%         2
 Ensorcelled Hibernation  Hex/Ice        0%         N/A       99%         2
 Passwall                 Tmut/Erth      0%         N/A       99%         2
 Searing Ray              Conj           0%         3d3       99%         2
 Slow                     Hex            0%         N/A       99%         2
 Static Discharge         Conj/Air       0%         N/A       99%         2
 Sublimation of Blood     Necr           0%         N/A       99%         2
 Wereblood                Tmut           0%         N/A       99%         2
 Call Canine Familiar     Summ           0%         N/A       100%        3
 Confusing Touch          Hex            0%         N/A       100%        3
 Conjure Flame            Conj/Fire      0%         6-21      100%        3
 Dazzling Flash           Conj/Hex       0%         N/A       100%        3
 Frozen Ramparts          Ice            0%         1d2       100%        3
 Gell's Gravitas          Tloc           0%         N/A       100%        3
 Ignite Poison            Fire/Tmut/Pois 0%         N/A       100%        3
 Inner Flame              Hex/Fire       0%         N/A       100%        3
 Lesser Beckoning         Tloc           0%         N/A       100%        3
 Mephitic Cloud           Conj/Pois/Air  0%         N/A       100%        3
 Ozocubu's Armour         Ice            0%         N/A       100%        3
 Portal Projectile        Hex/Tloc       0%         N/A       100%        3
 Spider Form              Tmut/Pois      0%         N/A       100%        3
 Stone Arrow              Conj/Erth      0%         3d7       100%        3
 Summon Guardian Golem    Hex/Summ       0%         N/A       100%        3
 Swiftness                Air            0%         N/A       100%        3
 Teleport Other           Tloc           0%         N/A       100%        3
 Tukima's Dance           Hex            0%         N/A       100%        3
 Vampiric Draining        Necr           0%         2d6       100%        3
 Airstrike                Air            0%         N/A       100%        4
 Animate Dead             Necr           0%         N/A       100%        4
 Cause Fear               Hex            0%         N/A       100%        4
 Fulminant Prism          Conj/Hex       0%         3d6       100%        4
 Hailstorm                Conj/Ice       0%         3d3       100%        4
 Ice Form                 Ice/Tmut       0%         N/A       100%        4
 Iskenderun's Mystic Bla  Conj/Tloc      0%         2d3       100%        4
 Petrify                  Tmut/Erth      0%         N/A       100%        4
 Sticky Flame             Conj/Fire      0%         2d3       100%        4
 Summon Ice Beast         Ice/Summ       0%         N/A       100%        4
 Summon Lightning Spire   Summ/Air       0%         N/A       100%        4
 Agony                    Necr           0%         N/A       100%        5
 Alistair's Intoxication  Tmut/Pois      0%         N/A       100%        5
 Bolt of Magma            Conj/Fire/Erth 0%         4d4       100%        5
 Borgnjor's Vile Clutch   Necr/Erth      0%         N/A       100%        5
 Fireball                 Conj/Fire      0%         3d3       100%        5
 Hydra Form               Tmut           0%         N/A       100%        5
 Irradiate                Conj/Tmut      0%         3d13      100%        5
 Iskenderun's Battlesphe  Conj           0%         2d6       100%        5
 Lee's Rapid Deconstruct  Erth           0%         3d5*      100%        5
 Lightning Bolt           Conj/Air       0%         1d11      100%        5
 Metabolic Englaciation   Hex/Ice        0%         N/A       100%        5
 Silence                  Hex/Air        0%         N/A       100%        5
 Summon Forest            Summ/Tloc      0%         N/A       100%        5
 Yara's Violent Unravell  Hex/Tmut       0%         3d3       100%        5
 Blade Hands              Tmut           0%         N/A       100%        6
 Conjure Ball Lightning   Conj/Air       0%         3x3d6     100%        6
 Eringya's Noxious Bog    Tmut/Pois      0%         N/A       100%        6
 Simulacrum               Ice/Necr       0%         N/A       100%        6
 Statue Form              Tmut/Erth      0%         N/A       100%        6
 Dragon Form              Tmut           0%         N/A       100%        7
 Summon Hydra             Summ           0%         N/A       100%        7
 Borgnjor's Revivificati  Necr           0%         N/A       100%        8
 Discord                  Hex            0%         N/A       100%        8
 Ignition                 Fire           0%         3d3       100%        8
 Infestation              Necr           0%         N/A       100%        8
 Lehudib's Crystal Spear  Conj/Erth      0%         10d2      100%        8
 Necromutation            Tmut/Necr      0%         N/A       100%        8
 Death's Door             Necr           0%         N/A       100%        9
 Shatter                  Erth           0%         3d5*      100%        9
 Tornado                  Air            0%         N/A       100%        9


Dungeon Overview and Level Annotations

Branches:
Dungeon (15/15)            Temple (1/1) D:4            Lair (6/6) D:8
  Swamp (4/4) Lair:3       Spider (4/4) Lair:2        Slime (0/5) Lair:6
    Orc (2/2) D:10            Elf (0/3) Orc:2        Vaults (5/5) D:14
  Crypt (0/3) Vaults:3     Depths (5/5) D:15            Zot (5/5) Depths:5
 Bailey (visited)          WizLab (visited)         Desolation (visited)

Altars:
Ashenzari
Cheibriados
Dithmenos
Elyvilon
Fedhas
Gozag
Hepliaklqana
Kikubaaqudgha
Makhleb
Nemelex Xobeh
Okawaru
Qazlal
Ru
Sif Muna
Trog
Uskayaw
Vehumet
Wu Jian
Xom
Yredelemnul
Zin
The Shining One
Beogh

Shops:
D:2 !   D:6 [   Orc:1 ![[   Orc:2 [(=*   Vaults:1 [   Vaults:2 [   Vaults:3 *
Vaults:4 [(([   Depths:4 =:=   Depths:5 ?[[

Portals:
Hell: Depths:1 Depths:2 Depths:3 Depths:4 Depths:5
Abyss: Depths:4
Pandemonium: Depths:3
Ziggurat: Depths:3
Trove: Depths:4 (give +4 ice dragon scales)

Annotations:
D:6 1 runed translucent door, Crazy Yiuf
Lair:4 exclusion: oklob plant


Innate Abilities, Weirdness & Mutations

You are too large for most types of armour.
You have claws for hands.
Your natural rate of healing is unusually fast.
You are covered in fur. (AC +1)
You have tough skin. (AC +1)
Your body sometimes deteriorates upon taking damage.
You are dopey. (Int -2)
Your magical capacity is very low. (-20% MP)
You occasionally shout uncontrollably at your foes.
You are occasionally teleported next to monsters.
You sometimes lose the ability to read scrolls when taking damage.


Message History

Unknown command.
Unknown command.
Unknown command.
Okay, then.
Okay, then.
You feel yourself speed up. The Orb Guardian hits you!!!
* * * LOW HITPOINT WARNING * * *
Your body deteriorates!
You feel clumsy. You block the Orb Guardian's attack.
The dread lich gestures wildly while chanting.
The Orb Guardian is engulfed in freezing vapours.
The Orb Guardian hits you but does no damage.
The orb of fire is engulfed in freezing vapours.
The Orb Guardian hits you but does no damage.
The ghost moth stares at you.
The ghost moth hits you but does no damage.
You block the ghost moth's attack. The ghost moth stings you.
* * * LOW HITPOINT WARNING * * *
The moth of wrath is engulfed in freezing vapours.
The white draconian is engulfed in freezing vapours.
The ancient lich is engulfed in freezing vapours.
The ancient lich casts a spell.
The ancient lich seems to speed up.
The Orb Guardian is engulfed in freezing vapours.
The Orb Guardian hits you!
* * * LOW HITPOINT WARNING * * *
The Killer Klown is engulfed in freezing vapours.
The moth of wrath goads the yellow draconian on!
The yellow draconian shakes off its lethargy.
The yellow draconian goes berserk!
The Orb Guardian hits you but does no damage.
The ghost moth stares at you.
The ghost moth hits you but does no damage.
You block the ghost moth's attack.
The ghost moth stings you but does no damage.
The green draconian shifter is engulfed in freezing vapours.
The green draconian shifter casts a spell at you.
The orb of fire glows yellow.
The bolt of fire hits you! You resist.
You die...

^..... .yX...
...... ......
▓▓▓▓▓▓▓##..Dq^▓▓
.^..^^..§§§...y▓▓
.........§§§.§qX▓▓
......^L.§§.§dL*@▓▓
..§..§...§.§pDX*yX▓
.z.X§.§......yzLd.▓
.§...........dd.2▓▓
..d.§....§○§.d..▓▓
.........§§§...▓▓
..L....^.§§§....▓
..^......§○§.....▓
.......$^........▓


You could see 2 orbs of fire, a Killer Klown, a tentacled monstrosity, a purple
draconian monk, a golden dragon, an ancient lich (fast, invisible), a dread lich
(fast), 2 draconians, a purple draconian (slow), 2 draconians, a green draconian
shifter (slow), a death cob (corroded), a quicksilver dragon (berserk), 3 Orb
Guardians, a balrug (summoned), a ghost moth (invisible, corroded) and 3 moths
of wrath.

Vanquished Creatures
  A dread lich (Vaults:4)
  An ancient lich (Vaults:5)
  Mennas (Vaults:2)
  2 orbs of fire
  The ghost of Vatovie the Slayer, a veteran MiFi of Makhleb (Vaults:4)
  Sojobo (Vaults:2)
  Boris (thrice) (Vaults:5 Depths:4 Depths:3)
  A curse toe (Zot:5)
  14 golden dragons
  3 caustic shrikes (Depths:5)
  The ghost of nivlat the Spry, a veteran HuGl (Depths:3)
  Nikola (Depths:1)
  An electric golem (Zot:2)
  A bone dragon (Depths:3)
  2 Tzitzimimeh (Depths:3)
  11 tentacled monstrosities
  Rupert (Orc:2)
  A moon troll (WizLab)
  5 Orb Guardians (Zot:5)
  2 liches (Depths:2)
  4 titans
  10 quicksilver dragons
  Gastronok (Lair:2)
  8 death cobs
  The ghost of freelancePsychic the Fencer, an adept DrCj of Gozag (Spider:4)
  12 tentacled starspawn
  7 shadow dragons
  15 storm dragons
  3 sphinxes
  13 tengu reavers
  Donald (Vaults:2)
  6 draconian monks
  14 draconian knights
  A fenstrider witch (Swamp:1)
  9 frost giants
  31 vault wardens
  A deep elf sorcerer (Vaults:5)
  3 imperial myrmidons (Desolation)
  5 orc warlords
  2 iron dragons
  7 draconian scorchers
  3 cacodemons (WizLab)
  2 ghost moths (Spider:4)
  6 draconian shifters
  6 fire giants
  8 draconian stormcallers
  2 caustic shrike zombies (Depths:3)
  6 emperor scorpions
  7 draconian annihilators
  20 ironbound preservers
  41 very ugly things
  27 stone giants
  A caustic shrike skeleton (Depths:3)
  11 green draconians
  2 juggernaut skeletons (Depths:3)
  2 vampire knights
  A deep elf demonologist (Vaults:3)
  15 black draconians
  13 white draconians
  4 bunyips
  The ghost of Rabiuc the Basher, a journeyman FoAK of Lugonu (D:14)
  2 dire elephants (Vaults:2)
  3 deep elf annihilators
  5 spark wasps
  9 yellow draconians
  2 halazid warlocks (Desolation)
  8 red draconians
  3 entropy weavers
  10 purple draconians
  4 crystal guardians
  8 ettins
  4 deep elf death magi (Vaults:5)
  2 merfolk javelineers
  2 quicksilver dragon zombies (Depths:3)
  2 shambling mangroves
  5 ragged hierophants (Desolation)
  15 great orbs of eyes
  A green death (Abyss:2)
  Josephine (Orc:2)
  8 eleionomae
  15 yaktaur captains
  5 fire dragons
  2 merfolk impalers (Depths:4)
  5 deep elf high priests
  An ice dragon (shapeshifter) (Vaults:4)
  7 ironbound thunderhulks
  A quicksilver dragon skeleton (Depths:3)
  7 servants of whispers (Desolation)
  6 spriggan air magi
  21 hydras
  3 rakshasas
  8 peacekeepers
  47 vault guards
  2 ogre magi
  14 ironbound frosthearts
  18 ice dragons
  2 ghost crabs (Swamp:2)
  4 catoblepae
  17 centaur warriors
  8 boulder beetles
  2 death knights (Vaults:3)
  5 alligators
  4 two-headed ogres
  An anaconda (shapeshifter) (Vaults:5)
  3 deep troll shamans
  4 tengu warriors
  13 deep troll earth magi
  9 spriggan berserkers
  3 death yaks (Lair:6)
  A titan zombie (Depths:3)
  3 ironbound beastmasters
  A dancing weapon (Depths:3)
  Sonja (Lair:3)
  7 orc high priests
  10 hell knights
  8 skeletal warriors
  A storm dragon zombie (Depths:1)
  Nergalle (D:11)
  5 wretched stars
  A titan skeleton (Depths:3)
  4 shadow wraiths
  9 iron trolls
  4 storm dragon skeletons (Depths:3)
  2 bog bodies
  An orange crystal statue (WizLab)
  4 goliath frogs
  A golden dragon zombie (Depths:1)
  A golden dragon skeleton (Depths:3)
  4 spriggan druids
  9 glowing orange brains
  A swamp dragon (shapeshifter) (Vaults:5)
  8 phantasmal warriors
  6 flayed ghosts
  5 swamp dragons
  10 starcursed masses (WizLab)
  43 deep trolls
  7 lindwurms
  12 wizards
  A tengu zombie (Depths:3)
  A harpy (shapeshifter) (Vaults:2)
  24 ironbound convokers
  23 orc knights
  Pikel (D:6)
  4 necromancers
  2 deep elf pyromancers (D:14)
  15 orb spiders
  A shining eye (shapeshifter) (Vaults:4)
  5 cyclopes
  An iron dragon zombie (Depths:3)
  4 orc sorcerers (Orc:2)
  12 wolf spiders
  A tengu skeleton (Depths:3)
  56 ugly things
  A salamander (Depths:2)
  5 will-o-the-wisps
  3 manticores
  An iron dragon skeleton (Abyss:2)
  2 elephants (Lair:6)
  22 moths of wrath
  24 vault sentinels
  3 molten gargoyles (Desolation)
  2 gargoyles (D:12)
  A smoke demon (Abyss:2)
  9 black mambas
  A stone giant skeleton (Depths:1)
  5 torpor snails
  2 eyes of devastation (WizLab)
  3 guardian serpents
  13 cane toads
  A torpor snail (shapeshifter) (Depths:4)
  An elf skeleton (Depths:3)
  7 rime drakes
  4 demonic crawlers
  Maggie (D:7)
  An efreet (D:15)
  6 ice devils (D:14)
  43 yaktaurs
  9 freezing wraiths
  8 komodo dragons
  A hellwing (Abyss:2)
  9 tengu conjurers
  25 jumping spiders
  3 kobold demonologists
  4 spriggan skeletons
  14 tyrant leeches
  5 trolls
  21 blink frogs
  4 polar bears
  A polar bear (shapeshifter) (Abyss:2)
  A wolf spider simulacrum (D:14)
  Grinder (D:6)
  15 hornets
  16 dream sheep
  A stone giant simulacrum (Depths:1)
  2 raiju (Abyss:2)
  19 slime creatures
  49 saltlings (Desolation)
  A raiju (shapeshifter) (D:14)
  A fire dragon zombie (Depths:1)
  A vampire (D:14)
  5 centaur simulacra (D:14)
  2 small abominations (Abyss:2)
  4 shadows
  4 ynoxinuls (D:14)
  17 water elementals
  22 tarantellas
  48 yaks
  8 spriggans
  A tarantella (shapeshifter) (Vaults:5)
  6 wraiths
  A human (D:10)
  5 wyverns
  3 fire bats (Depths:2)
  A fire elemental (Depths:2)
  An elf zombie (Depths:3)
  7 basilisks
  51 redbacks
  4 hogs (D:10)
  4 neqoxecs
  5 wargs
  3 chaos spawn (Abyss:2)
  7 swamp worms
  8 swamp worm simulacra (Swamp:4)
  A harpy simulacrum (D:14)
  5 large abominations (Abyss:2)
  16 vampire mosquitoes
  16 hydra simulacra (Swamp:4)
  2 acid dragons
  21 water moccasins
  An ice beast (D:8)
  A meliai simulacrum (D:14)
  A black bear (D:8)
  A hornet zombie (D:7)
  42 orc warriors
  A necrophage (D:6)
  10 ogres
  A boggart (Vaults:3)
  18 wolves
  7 centaurs
  A lemure (D:6)
  A kobold brigand (D:13)
  6 bullfrogs
  A human simulacrum (Depths:1)
  2 gnoll sergeants
  4 scorpions
  A hornet simulacrum (D:14)
  2 water moccasin zombies
  6 killer bees (D:9)
  4 electric eels
  6 howler monkeys
  5 centaur zombies
  3 jellies
  17 orc priests
  4 bullfrog skeletons
  A gnoll shaman (D:8)
  4 hounds
  A centaur skeleton (D:6)
  An iron imp (Abyss:2)
  Terence (D:2)
  2 iguanas
  21 orc wizards
  A killer bee zombie (D:6)
  A mummy (Depths:2)
  2 howler monkey zombies
  6 adders
  19 gnolls
  2 shadow imps
  2 white imps (D:7)
  An ufetubus (D:4)
  2 worms (D:3)
  The ghost of supercan the Sneak, a weakling FoDe (D:15)
  2 dart slugs
  87 orcs
  4 ball pythons
  11 endoplasms
  13 goblins
  8 hobgoblins
  18 jackals
  4 quokkas
  6 bats
  A frilled lizard (D:3)
  22 kobolds
  5 rats
  12 starspawn tentacles
2095 creatures vanquished.

Vanquished Creatures (collateral kills)
  An orc knight (Vaults:2)
1 creature vanquished.

Vanquished Creatures (others)
  A dread lich (Vaults:5)
  A war gargoyle (Vaults:5)
  A red draconian (Zot:3)
  4 wizards
  A will-o-the-wisp (Swamp:2)
  A wolf spider (Spider:4)
  A saltling (Desolation)
  2 dream sheep (Lair:6)
  2 spriggans (Swamp:2)
  2 swamp worms
  An orc priest (Orc:2)
  An endoplasm (D:2)
  A frilled lizard (D:2)
  2 demonic plants (WizLab)
  21 foxfires
  31 fungi
  112 plants
  20 starspawn tentacles
205 creatures vanquished.

Grand Total: 2301 creatures vanquished

Notes
Turn   | Place    | Note
-------+----------+-------------------------------------------
     0 | D:1      | mandarbmax the Troll Monk began the quest for the Orb.
     0 | D:1      | Reached XP level 1. HP: 22/22 MP: 0/0
   168 | D:1      | Reached XP level 2. HP: 29/29 MP: 1/1
   413 | D:1      | Found a faded altar of an unknown god.
   756 | D:2      | Reached XP level 3. HP: 36/36 MP: 2/2
   773 | D:2      | Found Doafom's Distillery.
   791 | D:2      | Noticed Terence
   798 | D:2      | Killed Terence
  1212 | D:2      | Reached XP level 4. HP: 37/45 MP: 3/3
  1943 | D:3      | Reached XP level 5. HP: 53/53 MP: 4/4
  2155 | D:3      | Reached skill level 5 in Unarmed Combat
  2813 | D:4      | Found a glowing golden altar of the Shining One.
  2892 | D:4      | Found a staircase to the Ecumenical Temple.
  2900 | Temple   | Entered the Ecumenical Temple
  3151 | D:4      | Noticed a two-headed ogre
  3311 | D:2      | Bought a potion of haste for 120 gold pieces
  3311 | D:2      | Bought a potion of invisibility for 96 gold pieces
  3364 | D:4      | HP: 2/53 [two-headed ogre/+0 giant spiked club (10)]
  3371 | D:4      | Killed a two-headed ogre
  3372 | D:4      | Reached XP level 6. HP: 32/61 MP: 5/5
  3372 | D:4      | Reached XP level 7. HP: 35/67 MP: 6/6
  3455 | D:4      | Reached skill level 1 in Throwing
  3524 | D:4      | Reached XP level 8. HP: 75/75 MP: 7/7
  3844 | D:5      | Entered Level 5 of the Dungeon
  4185 | D:5      | Found an iron altar of Okawaru.
  4193 | D:5      | Became a worshipper of Warmaster Okawaru
  4193 | D:5      | Reached * piety under Okawaru
  4193 | D:5      | Reached ** piety under Okawaru
  4403 | D:6      | Noticed Grinder
  4405 | D:6      | Paralysed by Grinder for 6 turns
  4521 | D:6      | Found Kagif's Antique Armour Shoppe.
  4621 | D:6      | Reached skill level 1 in Shields
  4744 | D:6      | Killed Grinder
  4745 | D:6      | Reached skill level 10 in Unarmed Combat
  4810 | D:6      | Noticed Pikel
  4833 | D:6      | Killed Pikel
  4833 | D:6      | Reached *** piety under Okawaru
  4833 | D:6      | Received a gift from Okawaru
  4834 | D:6      | Reached XP level 9. HP: 40/81 MP: 8/8
  4895 | D:6      | Found a basalt altar of Yredelemnul.
  5254 | D:6      | Found a runed translucent door.
  5255 | D:6      | Noticed Crazy Yiuf
  5292 | D:7      | Noticed Maggie
  5306 | D:7      | Killed Maggie
  5307 | D:7      | Reached skill level 5 in Throwing
  5392 | D:7      | Found a white marble altar of Elyvilon.
  5422 | D:7      | Reached **** piety under Okawaru
  5756 | D:8      | Received a gift from Okawaru
  5795 | D:8      | Reached XP level 10. HP: 83/91 MP: 9/9
  5798 | D:8      | Reached skill level 5 in Shields
  5902 | D:8      | Found a staircase to the Lair.
  5904 | D:8      | Received a gift from Okawaru
  6714 | D:9      | Found an ornate altar of the Wu Jian Council.
  6812 | D:9      | Found a snail-covered altar of Cheibriados.
  6845 | D:9      | Reached ***** piety under Okawaru
  7015 | D:9      | Received a gift from Okawaru
  7401 | D:10     | Entered Level 10 of the Dungeon
  7550 | D:10     | Found a staircase to the Orcish Mines.
  7709 | D:10     | Reached XP level 11. HP: 30/97 MP: 2/10
  7897 | D:10     | Received a gift from Okawaru
  7996 | D:10     | Found an opulent altar of Gozag.
  8129 | D:11     | Noticed an eight-headed hydra
  8133 | D:11     | Noticed a two-headed ogre
  8137 | D:11     | Killed an eight-headed hydra
  8138 | D:11     | Reached skill level 1 in Invocations
  8146 | D:11     | Killed a two-headed ogre
  8147 | D:11     | Reached skill level 1 in Evocations
  8254 | D:11     | Noticed a four-headed hydra
  8258 | D:11     | Killed a four-headed hydra
  8604 | D:11     | Found a broken altar of Ashenzari.
  8769 | D:11     | Noticed Nergalle
  8783 | D:11     | Killed Nergalle
  8783 | D:11     | Received a gift from Okawaru
  9202 | D:12     | Noticed a two-headed ogre
  9210 | D:12     | Killed a two-headed ogre
  9211 | D:12     | Reached skill level 5 in Fighting
  9223 | D:12     | Received a gift from Okawaru
  9322 | D:12     | Received a gift from Okawaru
  9323 | D:12     | Reached XP level 12. HP: 77/111 MP: 14/14
  9354 | D:12     | Found a flagged portal.
  9366 | Bailey   | Entered a bailey
  9482 | Bailey   | Reached ****** piety under Okawaru
  9510 | Bailey   | Reached skill level 5 in Invocations
  9720 | D:12     | Noticed a five-headed hydra
  9724 | D:12     | Killed a five-headed hydra
 10418 | Lair:1   | Entered Level 1 of the Lair of Beasts
 10433 | Lair:1   | Received a gift from Okawaru
 10433 | Lair:1   | Noticed an eight-headed hydra
 10529 | Lair:1   | Killed an eight-headed hydra
 10529 | Lair:1   | Received a gift from Okawaru
 10816 | Lair:1   | Noticed an eight-headed hydra
 10832 | Lair:1   | Killed a nine-headed hydra
 11078 | Lair:1   | Noticed a four-headed hydra
 11084 | Lair:1   | Killed a four-headed hydra
 11453 | Lair:2   | Reached XP level 13. HP: 101/124 MP: 17/17
 11500 | Lair:2   | Noticed Gastronok
 11515 | Lair:2   | Killed Gastronok
 11517 | Lair:2   | Reached skill level 10 in Throwing
 11939 | Lair:2   | Found a hole to the Spider Nest.
 12155 | Lair:2   | Identified a scroll of acquirement
 12156 | Lair:2   | Acquired a manual of Throwing
 12248 | Lair:3   | Found a staircase to the Swamp.
 12248 | Lair:3   | Noticed Sonja
 12264 | Lair:3   | Killed Sonja
 12264 | Lair:3   | Received a gift from Okawaru
 13136 | Lair:4   | Received a gift from Okawaru
 13224 | Lair:4   | Found a radiant altar of Vehumet.
 13254 | Lair:4   | Reached skill level 5 in Evocations
 14355 | Lair:5   | Received a gift from Okawaru
 14377 | Lair:5   | Received a gift from Okawaru
 14521 | Lair:5   | Reached skill level 10 in Fighting
 14909 | Lair:5   | Reached skill level 1 in Armour
 14909 | Lair:5   | Reached XP level 14. HP: 143/143 MP: 19/19
 15097 | Lair:6   | Entered Level 6 of the Lair of Beasts
 15254 | Lair:6   | Found a staircase to the Slime Pits.
 15501 | Lair:6   | Received a gift from Okawaru
 15749 | Lair:6   | Received a gift from Okawaru
 15840 | Lair:6   | Received a gift from Okawaru
 15901 | Lair:6   | Reached skill level 5 in Armour
 16385 | Lair:6   | Received a gift from Okawaru
 16654 | Orc:1    | Entered Level 1 of the Orcish Mines
 16973 | Orc:1    | Found Jutaehuj's Antique Armour Shop.
 17026 | Orc:1    | Found Nede Qom's Distillery.
 17035 | Orc:1    | Bought a potion of haste for 160 gold pieces
 17044 | Orc:1    | Found Zemeczup's Armour Shop.
 17137 | Orc:2    | Entered Level 2 of the Orcish Mines
 17175 | Orc:2    | Noticed Rupert
 17471 | Orc:2    | Noticed an orc warlord
 17471 | Orc:2    | Noticed Josephine
 17548 | Orc:2    | Paralysed by Rupert for 6 turns
 17690 | Orc:2    | Killed Rupert
 17707 | Orc:2    | Killed Josephine
 17716 | Orc:2    | Killed an orc warlord
 17717 | Orc:2    | Reached XP level 15. HP: 123/149 MP: 15/20
 17728 | Orc:2    | Paralysed by an orc sorcerer for 6 turns
 17742 | Orc:2    | Found Zuhules's Antique Weapon Shop.
 17796 | Orc:2    | Found a staircase to the Elven Halls.
 17928 | Orc:2    | Found Duchism's Antique Armour Emporium.
 18087 | Orc:2    | Found Febu Peh Vie's Jewellery Shoppe.
 18095 | Orc:2    | Found Adosun's General Store.
 18138 | Orc:2    | Received a gift from Okawaru
 19394 | D:14     | Received a gift from Okawaru
 19503 | D:14     | Found a gate to the Vaults.
 19584 | D:14     | Received a gift from Okawaru
 19904 | D:14     | Noticed Rabiuc's ghost (journeyman FoAK)
 19937 | D:14     | Found a runed translucent gate.
 19937 | D:14     | Found a runed translucent gate.
 19937 | D:14     | Found a runed translucent gate.
 20328 | D:14     | Identified the +0 robe "Qicsac" {rF- rC+++ Str+2 Dex+2}
                  | (Okawaru gifted it to you on level 14 of the Dungeon)
 20328 | D:14     | Received a gift from Okawaru
 20354 | D:14     | Killed Rabiuc's ghost
 20413 | D:15     | Entered Level 15 of the Dungeon
 20419 | D:15     | Found a staircase to the Depths.
 20424 | D:15     | Reached skill level 10 in Armour
 20633 | D:15     | Reached skill level 15 in Throwing
 20867 | D:15     | Found a runed translucent gate.
 20868 | D:15     | Found a runed translucent gate.
 20868 | D:15     | Noticed supercan's ghost (weakling FoDe)
 20869 | D:15     | Found a runed translucent gate.
 20870 | D:15     | Identified the amulet "Juficsen" {rF+ rC+ Regen+}
 20870 | D:15     | Identified the +0 chain mail "Dumnois" {Drain +Blink rN++
                  | Dex+4}
 20925 | D:15     | Found an iron altar of Okawaru.
 21055 | D:14     | Reached XP level 16. HP: 146/158 MP: 21/21
 21422 | D:15     | Killed supercan's ghost
 21696 | Spider:1 | Entered Level 1 of the Spider Nest
 21875 | Spider:1 | Identified the +0 cloak "Umuceav" {rC+ rN+}
 22121 | Spider:1 | Received a gift from Okawaru
 23944 | Spider:3 | Received a gift from Okawaru
 23945 | Spider:3 | Reached skill level 10 in Shields
 24904 | Spider:4 | Entered Level 4 of the Spider Nest
 24977 | Spider:3 | Identified the +10 short sword "Killer Bee's Death"
                  | {vorpal, rCorr Str+3 Int+4} (Okawaru gifted it to you on
                  | level 3 of the Spider Nest)
 24977 | Spider:3 | Received a gift from Okawaru
 25689 | Spider:4 | Found a runed translucent gate.
 25689 | Spider:4 | Found a runed translucent gate.
 25690 | Spider:4 | Found a runed translucent gate.
 25690 | Spider:4 | Noticed freelancePsychic's ghost (adept DrCj)
 25828 | Spider:4 | Received a gift from Okawaru
 25977 | Spider:4 | Acquired a manual of Throwing
 26048 | Spider:4 | Reached XP level 17. HP: 100/166 MP: 0/22
 26200 | Spider:4 | Got a gossamer rune of Zot
 26861 | Spider:4 | Killed freelancePsychic's ghost
 26861 | Spider:4 | Identified the +10 quarterstaff of Havoc {pain, rElec}
                  | (Okawaru gifted it to you on level 4 of the Spider Nest)
 26861 | Spider:4 | Received a gift from Okawaru
 27021 | Swamp:1  | Entered Level 1 of the Swamp
 27775 | Swamp:1  | Received a gift from Okawaru
 27776 | Swamp:1  | Paralysed by a fenstrider witch for 4 turns
 28713 | Swamp:3  | Identified the +7 shadow dragon scales of the Boiling Point
                  | {Rampage Will+ Str+3 SInv Stlth++++} (Okawaru gifted it to
                  | you on level 3 of the Swamp)
 28713 | Swamp:3  | Received a gift from Okawaru
 29289 | Orc:2    | Bought a condenser vane for 440 gold pieces
 29301 | Orc:2    | Bought the ring of Nuddaify {Wiz rF+ rC+ Dex+3} for 802
                  | gold pieces
 29327 | Orc:1    | Bought a potion of cancellation for 128 gold pieces
 29327 | Orc:1    | Bought a potion of heal wounds for 80 gold pieces
 29327 | Orc:1    | Bought a potion of heal wounds for 80 gold pieces
 29327 | Orc:1    | Bought a potion of heal wounds for 80 gold pieces
 29515 | D:2      | Bought a potion of curing for 36 gold pieces
 29515 | D:2      | Bought a potion of haste for 120 gold pieces
 29515 | D:2      | Bought 2 potions of resistance for 240 gold pieces
 29515 | D:2      | Bought a potion of heal wounds for 60 gold pieces
 29732 | Swamp:4  | Entered Level 4 of the Swamp
 29902 | Swamp:4  | Reached skill level 15 in Unarmed Combat
 30575 | Swamp:4  | Reached XP level 18. HP: 100/174 MP: 23/23
 30663 | Swamp:4  | Got a decaying rune of Zot
 30969 | Vaults:1 | Entered Level 1 of the Vaults
 31005 | Vaults:1 | Received a gift from Okawaru
 31254 | Vaults:1 | Received a gift from Okawaru
 31377 | Vaults:1 | Found Ryilaax's Antique Armour Emporium.
 31691 | Vaults:1 | You fall into a shaft and drop 1 floor!
 31709 | Vaults:2 | Received a gift from Okawaru
 31818 | Vaults:2 | Cast into level 2 of the Abyss (ironbound preserver)
 31919 | Abyss:2  | Noticed a profane servitor
 31928 | Abyss:2  | Gained mutation: You are dopey. (Int -2) [potion of
                  | mutation]
 32194 | Abyss:2  | Gained mutation: Your magical capacity is low. (-10% MP) [a
                  | neqoxec]
 32197 | Abyss:2  | Found a corrupted altar of Lugonu.
 32235 | Vaults:2 | Escaped the Abyss
 32249 | Vaults:2 | Received a gift from Okawaru
 32289 | Vaults:2 | Found a ruined gateway.
 32300 | Desolati | Entered the Desolation of Salt
 32710 | Desolati | Identified the ring "Qoifegat" {Fly Dex+4 Slay+4}
 32714 | Desolati | Identified the ring of Tender Moments {Will+ Int+5}
 32861 | Desolati | Received a gift from Okawaru
 32911 | Desolati | Reached XP level 19. HP: 183/184 MP: 14/21
 32929 | Desolati | Identified the ring "Qeduept" {rCorr Str+2}
 33074 | Desolati | Identified Vehumet's Disquisition on Confrontation
 33459 | Vaults:2 | Noticed Mennas
 33496 | Vaults:2 | Killed Mennas
 33550 | Vaults:2 | Found Zishugra's Antique Armour Shop.
 33599 | Vaults:2 | Noticed Donald
 33611 | Vaults:2 | Killed Donald
 33666 | Vaults:2 | Reached skill level 5 in Dodging
 33884 | Vaults:2 | Noticed Sojobo
 33904 | Vaults:2 | Killed Sojobo
 33904 | Vaults:2 | Received a gift from Okawaru
 34600 | Vaults:1 | Received a gift from Okawaru
 35576 | Vaults:2 | Received a gift from Okawaru
 35894 | Vaults:3 | Reached XP level 20. HP: 174/202 MP: 22/22
 36000 | Vaults:3 | Found Guohat's Assorted Antiques.
 36009 | Vaults:3 | Bought a potion of resistance for 290 gold pieces
 36214 | Vaults:3 | Found a staircase to the Crypt.
 36518 | Vaults:3 | Received a gift from Okawaru
 36821 | Vaults:3 | Received a gift from Okawaru
 36987 | Vaults:3 | Received a gift from Okawaru
 37326 | Vaults:3 | Acquired a manual of Fighting
 37479 | Vaults:3 | Identified the +9 lajatang of Jazun {freeze, rElec Str+4}
                  | (Okawaru gifted it to you on level 3 of the Vaults)
 37479 | Vaults:3 | Received a gift from Okawaru
 37542 | Vaults:3 | Reached skill level 15 in Fighting
 37883 | Vaults:4 | Found Xeawe's Antique Armour Shop.
 37886 | Vaults:4 | Bought a runed scarf for 232 gold pieces
 37886 | Vaults:4 | Bought a shiny tower shield for 217 gold pieces
 38007 | Vaults:4 | Received a gift from Okawaru
 38105 | Vaults:4 | Found Kink's Weapon Boutique.
 38110 | Vaults:4 | Found Neaskow's Weapon Emporium.
 38140 | Vaults:4 | Received a gift from Okawaru
 38377 | Vaults:4 | Reached XP level 21. HP: 209/223 MP: 23/23
 39014 | Vaults:4 | Found Zidaqiepn's Antique Armour Shoppe.
 39018 | Vaults:4 | Bought a faintly glowing kite shield for 294 gold pieces
 39018 | Vaults:4 | Identified the +0 kite shield "Waenaw" {rN+ Stlth+} (You
                  | bought it in a shop on level 4 of the Vaults)
 39018 | Vaults:4 | Bought a slimy cloak for 294 gold pieces
 39018 | Vaults:4 | Identified the +2 cloak "Enwe" {rElec rPois Str+4} (You
                  | bought it in a shop on level 4 of the Vaults)
 39077 | Vaults:4 | Received a gift from Okawaru
 39162 | Vaults:4 | Found a runed translucent gate.
 39163 | Vaults:4 | Found a runed translucent gate.
 39163 | Vaults:4 | Found a runed translucent gate.
 39164 | Vaults:4 | Identified the +13 chain mail of Wepa {Slay+3}
 39170 | Vaults:4 | Noticed Vatovie's ghost (veteran MiFi)
 39580 | Vaults:4 | Identified the +6 rapier of the Nexus {flame, rF+ Will+
                  | Str+4 Int-4}
 39612 | Vaults:4 | Killed Vatovie's ghost
 39692 | Vaults:5 | Entered Level 5 of the Vaults
 40467 | Vaults:5 | Received a gift from Okawaru
 40479 | Vaults:5 | Reached skill level 10 in Invocations
 40479 | Vaults:5 | Noticed Boris
 40642 | Vaults:5 | Killed Boris
 40652 | Vaults:5 | Noticed a dread lich
 40664 | Vaults:5 | Reached XP level 22. HP: 52/239 MP: 24/25
 40814 | Vaults:5 | Received a gift from Okawaru
 40830 | Vaults:4 | Killed a dread lich
 41031 | Vaults:5 | Noticed a golden dragon
 41106 | Vaults:4 | Killed a golden dragon
 41274 | Vaults:5 | Noticed an ancient lich
 41405 | Vaults:5 | Killed an ancient lich
 41509 | Vaults:5 | Identified the +8 falchion of the Howling Seeker {drain,
                  | rF+}
 41578 | Vaults:5 | Noticed a dread lich
 41582 | Vaults:5 | Killed a dread lich
 41801 | Vaults:5 | Received a gift from Okawaru
 41859 | Vaults:5 | Identified the ring "Qoela" {Dex+6 Slay+3}
 42021 | Vaults:5 | Identified the +6 flail "Muuw" {flame, +Blink Int+3}
                  | (Okawaru gifted it to you on level 5 of the Vaults)
 42021 | Vaults:5 | Received a gift from Okawaru
 42076 | Vaults:5 | Identified the +6 scimitar of the Aged Hells {freeze, rN+}
 42076 | Vaults:5 | Identified the ring "Kamael" {rPois rF- rCorr Int+6 Slay+5}
 42156 | Vaults:5 | Identified the ring of Gineur {+Blink rElec rF+ rN+}
 42458 | Vaults:5 | Found the +7 Spriggan's Knife {stab, EV+4 Stlth+}
 42470 | Vaults:5 | Got a silver rune of Zot
 42471 | Vaults:5 | Identified the Compendium of Hurtful Earth
 42933 | Depths:1 | Entered Level 1 of the Depths
 42945 | Depths:1 | Received a gift from Okawaru
 42958 | Depths:1 | Reached XP level 23. HP: 206/247 MP: 27/27
 42965 | Depths:1 | Identified the +0 robe "Isanody" {Harm rElec rF- Dex+6}
                  | (Okawaru gifted it to you on level 1 of the Depths)
 42965 | Depths:1 | Received a gift from Okawaru
 43248 | Depths:1 | Found a gateway to Hell.
 43262 | Depths:1 | Noticed Nikola
 43269 | Depths:1 | Killed Nikola
 43527 | Depths:1 | You are sucked into a shaft and drop 1 floor!
 43732 | Depths:2 | You are sucked into a shaft and drop 2 floors!
 43799 | Depths:4 | Identified the +9 dagger "Siymoc" {venom, Int+6 Dex+4}
 43925 | Depths:4 | Found a one-way gate to the infinite horrors of the Abyss.
 43988 | Depths:4 | Noticed Boris
 43997 | Depths:4 | Killed Boris
 44198 | Depths:3 | Noticed Boris
 44215 | Depths:3 | Killed Boris
 44280 | Depths:3 | Found a one-way gate leading to the halls of Pandemonium.
 44323 | Depths:3 | Identified the +0 hat "Leafilaha" {Int+4} (Okawaru gifted
                  | it to you on level 3 of the Depths)
 44323 | Depths:3 | Received a gift from Okawaru
 44591 | Depths:3 | Found the +9 sword of Zonguldrok {reap}
 44727 | Depths:3 | Reached skill level 15 in Armour
 45162 | Depths:3 | Found a sacrificial altar of Ru.
 45214 | Depths:2 | Found a snail-covered altar of Cheibriados.
 45273 | Depths:2 | Received a gift from Okawaru
 45345 | Depths:2 | Identified the +1 robe of the Hart {rF- rC++ Str+3 SInv}
                  | (Okawaru gifted it to you on level 2 of the Depths)
 45345 | Depths:2 | Received a gift from Okawaru
 45373 | Depths:2 | Reached XP level 24. HP: 173/257 MP: 27/27
 45516 | Depths:1 | Found a shadowy altar of Dithmenos.
 46027 | Depths:2 | Identified the Incunabulum of the Ashen Blaze
 46029 | Depths:2 | Identified the Collected Works on the Twisted Birds
 47053 | Depths:3 | Found a runed translucent door.
 47054 | Depths:3 | Found a shimmering altar of Xom.
 47054 | Depths:3 | Noticed nivlat's ghost (veteran HuGl)
 47055 | Depths:3 | Found a gateway to a ziggurat.
 47071 | Depths:3 | Identified the +4 hand axe of Midnight {freeze, rF+ Str+4}
 47571 | Depths:3 | Killed nivlat's ghost
 47648 | Depths:3 | Received a gift from Okawaru
 47861 | Depths:4 | Found a portal to a secret trove of treasure.
 47941 | Depths:4 | Found Ibopliv's Jewellery Shop.
 47941 | Depths:4 | Found Sass's Book Shoppe.
 47943 | Depths:4 | Found Kecaoj's Jewellery Shop.
 47972 | Depths:4 | Bought the ring of the Gloaming {rF++ rC+ rCorr SInv} for
                  | 724 gold pieces
 48434 | Depths:4 | Identified the ring "Qugof" {Fly Dex+3}
 48628 | Depths:5 | Entered Level 5 of the Depths
 48630 | Depths:5 | Found Coskoxem's Armour Boutique.
 48632 | Depths:5 | Found Negufot's Armour Shop.
 48634 | Depths:5 | Found Mueneifac's Magic Scroll Boutique.
 48757 | Depths:5 | Found a flickering gateway to a bazaar.
 48818 | Bazaar   | Entered a bazaar
 48830 | Bazaar   | Found Isasis's Armour Shoppe.
 48830 | Bazaar   | Found Koiffaw's General Store.
 48862 | Bazaar   | Found Xiloum's Assorted Antiques.
 48862 | Bazaar   | Found Iskumuy's Armour Emporium.
 48892 | Bazaar   | Bought a potion of curing for 93 gold pieces
 48892 | Bazaar   | Bought a potion of invisibility for 248 gold pieces
 48892 | Bazaar   | Bought a potion of curing for 93 gold pieces
 48915 | Bazaar   | Bought a potion of heal wounds for 50 gold pieces
 49005 | Depths:5 | Found a magical portal.
 49010 | WizLab   | Entered Lehudib's Moon Base
 49060 | WizLab   | Found a transporter.
 49236 | WizLab   | Received a gift from Okawaru
 49249 | WizLab   | Found a transporter.
 49514 | WizLab   | Received a gift from Okawaru
 49532 | WizLab   | Received a gift from Okawaru
 49622 | WizLab   | Reached XP level 25. HP: 212/238 MP: 27/27
 50052 | WizLab   | Identified Lehudib's Catalogue of Dislocated Stones
 50082 | WizLab   | Identified the ring "Voethar" {rN+ Int+4 Dex-5}
 50083 | WizLab   | Identified Sif Muna's Almanac of Warped Stones
 50871 | Depths:5 | Found a gate to the Realm of Zot.
 51016 | Zot:1    | Entered Level 1 of the Realm of Zot
 51539 | Zot:1    | Identified the ring "Kaakyonien" {rCorr SInv}
 51703 | Zot:1    | Received a gift from Okawaru
 52461 | Zot:1    | Received a gift from Okawaru
 52766 | Zot:2    | Received a gift from Okawaru
 53048 | Zot:2    | You are sucked into a shaft and drop 1 floor!
 53079 | Zot:3    | Reached skill level 15 in Shields
 53098 | Zot:3    | Reached XP level 26. HP: 141/274 MP: 22/27
 53468 | Zot:3    | Identified the +2 robe "Qabburud" {rElec rC- Str+4}
                  | (Okawaru gifted it to you on level 3 of the Realm of Zot)
 53468 | Zot:3    | Received a gift from Okawaru
 54352 | Zot:2    | Noticed an orb of fire
 54368 | Zot:2    | Killed an orb of fire
 54381 | Zot:2    | Received a gift from Okawaru
 55036 | Zot:4    | Identified the +1 hat of Dodduagg {-Tele rF+ Str+7 SInv}
                  | (Okawaru gifted it to you on level 4 of the Realm of Zot)
 55036 | Zot:4    | Received a gift from Okawaru
 55699 | Zot:5    | Entered Level 5 of the Realm of Zot
 55730 | Zot:5    | Received a gift from Okawaru
 55807 | Zot:5    | Noticed an orb of fire
 55808 | Zot:5    | Gained mutation: Your body sometimes deteriorates upon
                  | taking damage. [an orb of fire]
 55811 | Zot:5    | Gained mutation: You are occasionally teleported next to
                  | monsters. [an orb of fire]
 55820 | Zot:5    | Killed an orb of fire
 55821 | Zot:5    | Reached XP level 27. HP: 239/293 MP: 27/27
 55920 | Zot:5    | Received a gift from Okawaru
 55965 | Zot:5    | Received a gift from Okawaru
 55967 | Zot:5    | Noticed a dread lich
 55967 | Zot:5    | Noticed an ancient lich
 55967 | Zot:5    | Noticed an orb of fire
 55967 | Zot:5    | Noticed an orb of fire
 55976 | Zot:5    | Gained mutation: Your magical capacity is very low. (-20%
                  | MP) [an orb of fire]
 55978 | Zot:5    | Gained mutation: You sometimes lose the ability to read
                  | scrolls when taking damage. [an orb of fire]
 55980 | Zot:5    | Gained mutation: You occasionally shout uncontrollably at
                  | your foes. [an orb of fire]
 55981 | Zot:5    | HP: 9/295 [Orb Guardian (10)]
 55981 | Zot:5    | Killed from afar by an orb of fire

Illustrated notes

Levels and vault maps discovered:
D:1:      giann_forest_graveyard, layout_basic,
          hellmonk_ecumenical_altar_leap_of_faith,
          chequers_serial_rivers_micro_e, minmay_vboxes
D:2:      layout_loops_ring, serial_shops, shop, lemuel_flame_loot_1,
          uniq_terence
D:3:      minmay_razor_zed, layout_basic, hangedman_decor_points,
          amcnicky_mini_corridor_feature, grunt_ministairs_2, wad_orctagon
D:4:      layout_basic, amcnicky_altar_gilded, minmay_temple_entry_ruins,
          kennysheep_generic_room_6
D:5:      layout_basic, lemuel_round_altar, minmay_holes,
          chequers_serial_rivers_room_a, serial_park_tiny_pond
D:6:      layout_basic, lemuel_zombie_altar_yredelemnul, serial_shops, shop,
          grunt_decor_resistance, uniq_crazy_yiuf_cottage, uniq_grinder,
          uniq_pikel
D:7:      layout_rooms, elyvilon_altar_5, uniq_maggie
D:8:      layout_basic, minmay_lair_entry_grove, serial_curves, eino_curves_01,
          eino_curves_03, eino_curves_04, eino_curves_01
D:9:      layout_long_grid, nicolae_overflow_crystal_walls,
          overflow_temple_1_default, hangedman_abyss_or_decor_jellyfish_corner,
          grunt_decor_arrowhead, hangedman_abyss_or_decor_passed,
          david_defended_altar_orc
D:10:     layout_cave_pools, nicolae_gozag_cash_rules_everything_around_me,
          hiddenorc2_lemuel, grunt_livestock
D:11:     layout_loops_corners, nicolae_ashenzari_skybound, uniq_nergalle
D:12:     layout_loops_ring, enter_bailey_7
D:13:     layout_long_grid, serial_park_tiny_2
D:14:     cheibrodos_quadrivalence, layout_gridville,
          lightli_vaults_fourway_checkpoint, gammafunk_ghost_icy,
          minmay_misc_feat_secret_circle, st_stairs_1
D:15:     grunt_enter_depths_giant_problem, layout_long_grid,
          biasface_ghost_orc_armoury, serial_bayou_pond_a,
          kennysheep_okawaru_gauntlet
Temple:   regret_index_temple_waves
Lair:1:   layout_cave_shapes, st_stairs_5, grunt_megastairs_1,
          serial_bayou_shore_b
Lair:2:   layout_regular_city, spider_nest_entry_web_field,
          infiniplex_staircase_pool, serial_bayou_shore_b, serial_bayou_shore_b,
          serial_bayou_shore_b, uniq_gastronok
Lair:3:   layout_loops_ring, minmay_swamp_entry_reptiles, wad_woods_road_05,
          uniq_sonja
Lair:4:   layout_gridlike, basic_altar, lemuel_fruit_fields, grunt_megastairs_4
Lair:5:   layout_regular_city, infiniplex_staircase_pool_2
Lair:6:   hangedman_lair_in_review, layout_cave_pods,
          nicolae_slime_entry_slimehenge, grunt_megastairs_2
Swamp:1:  layout_basic_swamp, nicolae_swamp_triple_paths,
          nicolae_swamp_well_well_well
Swamp:2:  layout_falls_marsh, nicolae_swamp_decorative_isthmus
Swamp:3:  layout_falls_marsh, evilmike_swamp_ruin_house_3
Swamp:4:  swamp_icy, layout_basic_swamp
Spider:1: layout_spider_delve, nicolae_spider_rock_and_or_roll
Spider:2: layout_spider_delve
Spider:3: layout_chambers
Spider:4: grunt_spider_rune_circles, gammafunk_ghost_split,
          hangedman_spider_mandibles, drop_trap, spiders_nest_spider_trap
Orc:1:    layout_caves, serial_shops, shop_fountains, shop_fountains,
          nicolae_shop_behind_doors, shop
Orc:2:    grunt_orc_gardens, layout_caves, grunt_orc_garden, grunt_orc_garden,
          grunt_orc_garden, grunt_orc_garden, uniq_rupert, uniq_josephine
Vaults:1: vaults_mumra_chevron, v_misc_13, hangedman_vaults_pinch, v_misc_33,
          nicolae_vaults_border_crossing, ontoclasm_vaults_shuriken,
          vaults_room_grunt_arrival_ludios, layout_vaults_omnigrid,
          serial_shops, nicolae_shop_overgrown_old_shop
Vaults:2: v_pattern_4, ontoclasm_vaults_claustrophobia,
          vaults_mumra_chevron_long, ontoclasm_vaults_ligature,
          vaults_mumra_hex, ontoclasm_vaults_misaligned, vaults_mumra_minichess,
          nicolae_vaults_shelves_hall, v_rooms_1,
          nicolae_vaults_little_squares_3, ontoclasm_vaults_decontamination,
          st_lines, layout_vaults_omnibox, serial_shops, shop,
          portal_desolation_entry_garden, uniq_sojobo, uniq_donald, uniq_mennas
Vaults:3: nicolae_vaults_ninety_degrees, vaults_room_door_ring, v_pattern_3,
          blue_anna_dwarven_crypt, vaults_room_pools, v_rooms_4,
          nicolae_vaults_network_barrier, hangedman_vaults_trim,
          vaults_dpeg_diagonal, v_rooms_2, st_cells, grunt_vaults_hallway_short,
          layout_vaults_ring, serial_shops, nicolae_shop_overgrown_old_shop
Vaults:4: biasface_vaults_ghost_orc_armoury, nicolae_vaults_circle_grid_b,
          v_misc_5, grunt_vaults_trifunnel, dpeg_vaults_waves, v_rooms_5,
          ontoclasm_vaults_eye, nicolae_vaults_windows_and_doors_thing,
          nicolae_vaults_yaktaur_gun_rack, ontoclasm_vaults_gateway,
          ontoclasm_vaults_twist, layout_vaults_omnicross, serial_shops, shop,
          shop, shop, nicolae_shop_crystal
Vaults:5: serial_shops, uniq_boris
Depths:1: layout_cave_pools, nicolae_dithmenos_through_a_glass_darkly,
          hell_entry, kennysheep_windowed_goal, uniq_nikola
Depths:2: cheibrodos_lost_city_excavation, layout_basic, serial_bayou,
          serial_bayou_shore_a, serial_bayou_lagoon_a, serial_bayou_crossing,
          serial_bayou_pond_b, serial_bayou_pond_c, hell_entry, slow_altar_1
Depths:3: cheibrodos_tormentor_scu, layout_honeycomb, enter_ziggurat_e,
          pan_entry, nicolae_ru_awakened_eye, pf_coc_iceberg, ebering_ghost_xom,
          minmay_guarded_unrand_zonguldrok, infiniplex_staircase_zigzag_1
Depths:4: minmay_haunted_quarter, layout_gridville, enter_trove_6,
          hangedman_abyss_entry_splay, hell_entry,
          chequers_serial_rivers_micro_c, infiniplex_staircase_star,
          minmay_shop_grove
Depths:5: evilmike_zot_entry_diamond, layout_gridlike, serial_shops,
          bzr_entry_customers, infiniplex_enter_wizlab_spiral, hell_entry,
          interstate_on_off, minmay_shop_star
Zot:1:    layout_cathedral_of_symmetry
Zot:2:    layout_onion, st_stairs_10
Zot:3:    layout_concentric_octagons
Zot:4:    layout_onion_interference, bh_zot_ikea_curve, guppyfry_library_mini
Zot:5:    layout_misc_corridors, skrybe_zot_glass_1

Skill      XL: |  1  2  3  4  5  6  7  8  9 10 11 12 13 14 15 16 17 18 19 20 21 22 23 24 25 26 |
---------------+-------------------------------------------------------------------------------+-----
Fighting       | 3 5 7 10 13 16 18 20 | 20.9
Dodging        | 3 7 9 |  9.0
Unarmed Combat | 4 8 9 10 11 12 13 15 17 18 19 20 21 | 21.0
Throwing       | 1 4 6 7 9 11 14 15 17 19 21 | 21.0
Shields        | 3 4 6 7 9 10 12 14 15 | 15.0
Invocations    | 4 7 8 10 12 | 12.0
Evocations     | 2 4 5 7 9 |  9.1
Armour         | 1 7 10 12 13 14 15 17 | 17.0
Stealth        | |  1.0

Action                   |  1- 3 |  4- 6 |  7- 9 | 10-12 | 13-15 | 16-18 | 19-21 | 22-24 | 25-27 || total
-------------------------+-------+-------+-------+-------+-------+-------+-------+-------+-------++-------
Melee: Unarmed           |    77 |   139 |   219 |   693 |  1427 |  1739 |   881 |   964 |   590 ||  6729
       Punch             |     1 |     1 |       |       |       |       |       |       |       ||     2
Throw: Boomerang         |       |     5 |    29 |     8 |     8 |    51 |       |       |       ||   101
       Dart              |       |       |    20 |    20 |       |       |       |       |       ||    40
       Javelin           |       |       |     2 |     2 |     3 |       |     9 |       |       ||    16
       Large rock        |       |       |       |    42 |   121 |   237 |   301 |   454 |   303 ||  1458
Invok: Heroism           |       |       |     1 |     6 |     7 |     9 |     9 |    11 |    11 ||    54
       Finesse           |       |       |       |     1 |     3 |     4 |     3 |       |     4 ||    15
Evoke: Wand              |       |       |       |     3 |       |       |       |     1 |       ||     4
       Tin of tremorston |       |       |       |       |     5 |     9 |     6 |     4 |     7 ||    31
       Piece from Xom's  |       |       |       |       |     2 |       |     2 |       |       ||     4
       Box of beasts     |       |       |       |       |       |     2 |       |       |       ||     2
       Condenser vane    |       |       |       |       |       |     1 |     6 |     2 |     2 ||    11
       Phantom mirror    |       |       |       |       |       |       |     3 |       |     2 ||     5
  Use: Scroll            |       |     6 |     4 |    12 |     6 |     8 |     5 |     4 |     3 ||    48
       Potion            |       |     3 |     1 |     3 |     3 |     7 |     8 |     2 |     3 ||    30
 Stab: Sleeping          |     1 |     1 |     5 |     1 |       |       |       |       |       ||     8
       Invisible         |       |     1 |       |       |     5 |       |       |       |       ||     6
       Distracted        |       |       |       |     1 |       |     2 |       |     1 |     1 ||     5
       Petrified         |       |       |       |       |    15 |       |       |       |       ||    15
       Confused          |       |       |       |       |       |       |     5 |       |     2 ||     7
Armor: Robe              |    32 |    34 |    38 |       |       |       |       |       |       ||   104
       Acid dragon scale |       |       |    41 |   202 |       |       |       |       |       ||   243
       Gold dragon scale |       |       |       |   220 |  1135 |  1671 |   328 |   415 |   271 ||  4040
Dodge: Dodged            |    48 |    74 |    68 |   189 |   156 |   260 |   125 |   180 |   123 ||  1223
Block: Kite shield       |       |       |    89 |   386 |   416 |       |       |       |       ||   891
       Tower shield      |       |       |       |       |   862 |  2013 |   752 |   975 |   588 ||  5190

Table legend: (Time is in decaauts)
 A = Elapsed time spent in this place.
 B = Non-inter-level travel time spent in this place.
 C = Inter-level travel time spent in this place.
 D = Time resting spent in this place.
 E = Time spent auto-exploring this place.
 F = Levels seen in this place.
 G = Mean time per level.
                   A        B        C        D        E       F      G
               +--------+--------+--------+--------+--------+-----+--------+
         Total |  55319 |  51045 |   4274 |   4043 |  34046 |  52 | 1063.8 |
       Dungeon |  14572 |  12764 |   1808 |    522 |   9233 |  15 |  971.5 |
        Temple |    145 |     73 |     72 |      0 |     72 |   1 |  145.0 |
          Lair |   6412 |   5644 |    768 |    208 |   4229 |   6 | 1068.7 |
         Swamp |   3468 |   3255 |    213 |    233 |   2073 |   4 |  867.0 |
   Spider Nest |   5361 |   5167 |    194 |    678 |   3383 |   4 | 1340.2 |
  Orcish Mines |   1560 |   1409 |    151 |    141 |    719 |   2 |  780.0 |
        Vaults |   9616 |   8939 |    677 |   1386 |   5186 |   5 | 1923.2 |
        Depths |   6610 |   6329 |    281 |    285 |   4530 |   5 | 1322.0 |
           Zot |   4676 |   4569 |    107 |    515 |   3299 |   5 |  935.2 |
         Abyss |    411 |    411 |      0 |     10 |      0 |   1 |  411.0 |
        Bazaar |    110 |    110 |      0 |      0 |      0 |   1 |  110.0 |
        Bailey |    294 |    294 |      0 |      0 |    123 |   1 |  294.0 |
        Wizlab |   1048 |   1048 |      0 |      0 |    646 |   1 | 1048.0 |
    Desolation |   1029 |   1029 |      0 |     63 |    550 |   1 | 1029.0 |
               +--------+--------+--------+--------+--------+-----+--------+

Top non-repeatable levels by time:
Vaults:4: 2686 daAuts
Depths:3: 2056 daAuts
Vaults:3: 1982 daAuts
Vaults:2: 1907 daAuts
Spider:4: 1803 daAuts
Vaults:1: 1570 daAuts
   Zot:1: 1489 daAuts
Vaults:5: 1469 daAuts
   Zot:3: 1457 daAuts
    D:14: 1443 daAuts
  Lair:6: 1397 daAuts
Spider:3: 1391 daAuts
Depths:2: 1373 daAuts
Depths:4: 1352 daAuts
     D:8: 1298 daAuts
